 Dungeon Crawl Stone Soup version 0.20-a0-1089-g3fde505 (webtiles) character file.

655 graki42 the Cutter (level 7, 0/47 HPs)
             Began as a Halfling Fighter on May 3, 2017.
             Was a Believer of Okawaru.
             Slain by Dominolapin's ghost (2 damage)
             ... on level 4 of the Dungeon.
             The game lasted 00:07:36 (2901 turns).

graki42 the Cutter (Halfling Fighter)               Turns: 2901, Time: 00:07:36

Health: 0/47       AC:  6    Str: 17    XL:     7   Next: 85%
Magic:  7/7        EV: 17    Int: 13    God:    Okawaru [**....]
Gold:   166        SH:  0    Dex: 19    Spells: 6/6 levels left

rFire    . . .     SeeInvis .   q - +0 dagger (elec)
rCold    . . .     Gourm    +   c - +0 shield
rNeg     . . .     Faith    .   C - +2 robe of Okawaru's Castigation {Slay+3}
rPois    .         Spirit   .   (no helmet)
rElec    .         Reflect  .   s - +0 cloak
rCorr    .         Harm     .   v - +0 pair of gloves
MR       .....                  (no boots)
Stlth    ++........             u - amulet of the gourmand
Regen    0.2/turn               (no ring)
MPRegen  0.1/turn               (no ring)

@: confused, brilliant, agile, hasted, heavily drained, very quick
A: mutation resistance 1
a: Heroism, Renounce Religion


You were on level 4 of the Dungeon.
You worshipped Okawaru.
Okawaru was pleased with you.
You were hungry.

You visited 1 branch of the dungeon, and saw 4 of its levels.

You collected 166 gold pieces.

Inventory:

Hand Weapons
 a - a +0 rapier
 q - a +0 dagger of electrocution (weapon)
Armour
 b - a +0 scale mail
 c - a +0 shield (worn)
 s - a +0 cloak (worn)
 v - a +0 pair of gloves (worn)
 y - a +0 ring mail
 C - the +2 robe of Okawaru's Castigation (worn) {Slay+3}
   (You found it on level 4 of the Dungeon)

   It affects your accuracy and damage with ranged weapons and melee attacks
   (+3).
Jewellery
 u - an amulet of the gourmand (around neck)
Wands
 d - a wand of polymorph (11/24)
Scrolls
 h - 5 scrolls of teleportation {unknown}
 i - 2 scrolls of identify {unknown}
 m - 2 scrolls of fear {unknown}
 o - 2 scrolls of blinking {unknown}
 p - a scroll of random uselessness {unknown}
 t - 3 scrolls of recharging {unknown}
 w - 2 scrolls of enchant weapon {unknown}
Potions
 e - a potion of haste
 g - a potion of curing
 l - a potion of cancellation {unknown}
 n - a potion of heal wounds
 r - 2 potions of might
Comestibles
 f - 6 bread rations
 k - 5 meat rations
 B - 3 fruits


   Skills:
 + Level 3.8(2.5) Fighting
 + Level 5.8(4.4) Short Blades
 + Level 4.8(3.5) Armour
 + Level 2.3(1.1) Dodging
 + Level 0.2(0.0) Stealth
 + Level 5.4(4.0) Shields
 + Level 0.7(0.0) Invocations


You had 6 spell levels left.
You didn't know any spells.

Dungeon Overview and Level Annotations

Branches:
Dungeon (4/15)
 Temple: D:4-7

Altars:
Gozag
Makhleb
Nemelex Xobeh
Okawaru
Trog

Annotations:
D:4 Dominolapin's ghost, amateur DsNe


Innate Abilities, Weirdness & Mutations

You are small and have problems with some larger weapons.
You are somewhat resistant to further mutation.


Message History

Dominolapin's ghost is heavily damaged.
Dominolapin's ghost is infused with unholy energy.
* * * LOW HITPOINT WARNING * * *
Dominolapin's ghost draws life force from you and is healed!
You hit Dominolapin's ghost.
Dominolapin's ghost is moderately damaged.
You hit Dominolapin's ghost.
Dominolapin's ghost is moderately damaged.
Dominolapin's ghost hits you but does no damage.
You feel drained.
It was a potion of agility.
You feel agile all of a sudden.
It was a potion of mutation.
You feel extremely strange. You block Dominolapin's ghost's attack.
It was a potion of ambrosia.
You are confused.
You feel invigorated. Dominolapin's ghost hits you.
* * * LOW HITPOINT WARNING * * *
You feel drained.
You die...

..#...........##.#
..#.........#.##.#
..#.........⌠.⌠#.#
..#.........._...#
..#.........⌠.⌠..#
..#...........##.#
.(#...........##.#
..###########.##.#
#.##@# #.##W#
#.##.# #.##.#
#..#.# ##.#.# .#.#
#.#
...:........S.#


You could see Dominolapin's ghost.

Vanquished Creatures
  Sigmund (D:3)
  Duvessa (D:4)
  The ghost of CalmDownMonkey the Sneak, an amateur SpAs (D:3)
  Dowan (D:4)
  An orc wizard (D:3)
  An orc priest (D:3)
  4 gnolls (D:4)
  7 adders
  2 oozes
  A worm (D:2)
  3 dart slugs
  A leopard gecko (D:3)
  6 orcs (D:3)
  3 giant cockroaches
  9 goblins
  4 hobgoblins (D:2)
  2 jackals (D:2)
  2 ball pythons (D:1)
  2 bats (D:2)
  4 frilled lizards
  3 kobolds (D:1)
  10 rats
69 creatures vanquished.

Notes
Turn   | Place    | Note
-------+----------+-------------------------------------------
     0 | D:1      | graki42 the Halfling Fighter began the quest for the Orb.
     0 | D:1      | Reached XP level 1. HP: 15/15 MP: 1/1
    42 | D:1      | Reached XP level 2. HP: 8/20 MP: 2/2
   467 | D:1      | Reached XP level 3. HP: 20/26 MP: 3/3
   946 | D:2      | Found a faded altar of an unknown god.
  1199 | D:2      | Reached XP level 4. HP: 25/31 MP: 4/4
  1605 | D:2      | Found a burning altar of Makhleb.
  1608 | D:2      | Found an iron altar of Okawaru.
  1612 | D:2      | Became a worshipper of Warmaster Okawaru
  1616 | D:2      | Found a bloodstained altar of Trog.
  1745 | D:3      | Reached skill level 1 in Dodging
  1745 | D:3      | Reached XP level 5. HP: 20/36 MP: 5/5
  1902 | D:3      | Noticed Sigmund
  1994 | D:3      | Killed Sigmund
  1994 | D:3      | Reached * piety under Okawaru
  1994 | D:3      | Reached XP level 6. HP: 36/42 MP: 6/6
  2024 | D:3      | Reached skill level 5 in Short Blades
  2029 | D:3      | Noticed CalmDownMonkey's ghost (amateur SpAs)
  2045 | D:3      | Killed CalmDownMonkey's ghost
  2045 | D:3      | Reached XP level 7. HP: 27/46 MP: 4/7
  2430 | D:4      | Noticed Duvessa
  2430 | D:4      | Noticed Dowan
  2463 | D:4      | Killed Duvessa
  2463 | D:4      | Reached ** piety under Okawaru
  2463 | D:4      | Reached skill level 5 in Shields
  2472 | D:4      | Killed Dowan
  2793 | D:4      | Found an opulent altar of Gozag.
  2807 | D:4      | Found a sparkling altar of Nemelex Xobeh.
  2816 | D:4      | Got a sheer robe
  2827 | D:4      | Identified the +2 robe of Okawaru's Castigation {Slay+3} (You found it on level 4 of the Dungeon)
  2856 | D:4      | Noticed Dominolapin's ghost (amateur DsNe)
  2901 | D:4      | HP: 2/47 [Dominolapin's ghost (4)]
  2901 | D:4      | Slain by Dominolapin's ghost

Vault maps used:
D:1:      onia_arrival_handbag, roderic_roman_lattice, minmay_statues_item,
          minmay_pentomino_p4
D:2:      grunt_temple_overflow_diamond, chequers_ecumenical_altar_simple_redux,
          first_bread
D:3:      uniq_sigmund
D:4:      grunt_gozag_statues, nemelex_xobeh_ov_fountains_minmay, uniq_natasha,
          uniq_duvessa

Skill      XL: |  1  2  3  4  5  6  7 |
---------------+----------------------+-----
Fighting       | 3 |  3.8
Short Blades   | 3 4 5 |  5.8
Armour         | 4 |  4.8
Shields        | 4 5 |  5.4
Dodging        | 1 2 |  2.3
Stealth        | |  0.2
Invocations    | |  0.7

Action                   |  1- 3 |  4- 6 |  7- 9 || total
-------------------------+-------+-------+-------++-------
Melee: Rapier            |    85 |    70 |       ||   155
       Dagger            |       |    30 |   104 ||   134
Invok: Heroism           |       |     1 |     2 ||     3
  Use: Potion            |       |     1 |     8 ||     9
  Eat: Chunk             |       |     3 |     3 ||     6
Armor: Scale mail        |    26 |    26 |     4 ||    56
       Ring mail         |       |       |     2 ||     2
       Robe              |       |       |     1 ||     1
Dodge: Dodged            |    17 |    22 |    18 ||    57
Block: Shield            |    42 |    46 |    47 ||   135
